 Dungeon Crawl Stone Soup version 0.30-a0-23-ge60ba3568b (webtiles) character file.

Game seed: 10808353281928203996

4 voltaire321 the Stinger (level 1, -3/14 HPs)
             Began as a Demigod Venom Mage on Aug 26, 2022.
             Slain by a goblin
             ... wielding a +3 dagger
              (4 damage)
             ... on level 1 of the Dungeon.
             The game lasted 00:00:35 (103 turns).

voltaire321 the Stinger (Demigod Venom Mage)         Turns: 103, Time: 00:00:36

Health: -3/14      AC:  3    Str:  9    XL:     1   Next: 40%
Magic:  1/5        EV: 11    Int: 17    God:
Gold:   22         SH:  0    Dex: 14    Spells: 2/3 levels left

rFire   . . .      SeeInvis .    d - +0 mace
rCold   . . .      Faith    .    (no shield)
rNeg    . . .      Spirit   .    e - +0 leather armour
rPois   .          Reflect  .    (no helmet)
rElec   .          Harm     .    (no cloak)
rCorr   .          Rampage  .    (no gloves)
Will    .....                    (no boots)
Stlth   ++........               (no amulet)
HPRegen 0.04/turn                (no ring)
MPRegen 0.09/turn                (no ring)

@: no status effects
A: high MP 1, forlorn, divine attributes
a: no special abilities


You were on level 1 of the Dungeon.
You visited 1 branch of the dungeon, and saw 1 of its levels.

You collected 22 gold pieces.

Inventory:

Hand Weapons
 d - a +0 mace (weapon)
Armour
 a - a +0 robe
 e - a +0 leather armour (worn)
Potions
 b - a potion of magic
 c - a potion of curing {unknown}


   Skills:
 + Level 0.0 Fighting
 + Level 0.0 Armour
 + Level 1.8 Dodging
 - Level 1.8 Stealth
 + Level 1.8 Spellcasting
 + Level 1.0 Transmutations
 + Level 2.7 Poison Magic


You had 2 spell levels left.
You knew the following spells:

 Your Spells              Type           Power      Damage    Failure   Level
a - Sting                 Tmut/Pois      28%        1d4       13%         1

Your spell library contained the following spells:

 Spells                   Type           Power      Damage    Failure   Level
 Poisonous Vapours        Pois/Air       12%        N/A       24%         2
 Mephitic Cloud           Conj/Pois/Air  4%         N/A       50%         3
 Olgreb's Toxic Radiance  Pois           10%        N/A       65%         4


Dungeon Overview and Level Annotations

Branches:
Dungeon (1/15)


Innate Abilities, Weirdness & Mutations

You have an increased reservoir of magic. (+10% MP)
You shall have no god before yourself.
Your divine heritage dramatically boosts your attributes as you level up.


Message History

The hobgoblin is moderately wounded.
The hobgoblin closely misses you.
You hit the hobgoblin.
You kill the hobgoblin!
The ball python bites you but does no damage.
The ball python barely misses you.
Your Transmutations skill increases to level 1!
You hit the ball python.
You kill the ball python!
The goblin hits you but does no damage.
Casting: Sting (safe; 13% risk of failure)
Confirm with . or Enter, or press ? or * to list all spells.
Aiming: Sting (safe; 13% risk of failure)
Press: ? - help, Shift-Dir - straight line, f - goblin
Aim: a goblin, wielding a +3 dagger (60% to hit)
The sting misses the goblin.
The sting misses the giant cockroach.
The goblin hits you with a +3 dagger.
Casting: Sting (safe; 13% risk of failure)
Confirm with . or Enter, or press ? or * to list all spells.
You don't have enough magic to cast this spell.
You hit the goblin.
The goblin is severely wounded.
The goblin hits you with a +3 dagger.
You hit the goblin but do no damage.
The goblin is severely wounded.
The goblin misses you.
You hit the goblin but do no damage.
The goblin is severely wounded.
The goblin hits you with a +3 dagger.
* * * LOW HITPOINT WARNING * * *
The goblin misses you.
You closely miss the goblin.
The goblin is severely wounded.
The goblin hits you with a +3 dagger.
* * * LOW HITPOINT WARNING * * *
Your magical contamination has completely faded away.
You barely miss the goblin.
The goblin is severely wounded.
The goblin hits you with a +3 dagger.
You die...

## .. ###. #....
#.....##################
.....Bg@...............#
......##.#############.#
..... #.# #.# ..#. #.#
######.# . # #.#
......... #.# #######..
... ### ###


You could see a giant cockroach and a goblin.

Vanquished Creatures
  A giant cockroach (D:1)
  A hobgoblin (D:1)
  A ball python (D:1)
  A rat (D:1)
4 creatures vanquished.

Notes
Turn   | Place    | Note
-------+----------+-------------------------------------------
     0 | D:1      | voltaire321 the Demigod Venom Mage began the quest for the
                  | Orb.
     0 | D:1      | Reached XP level 1. HP: 14/14 MP: 5/5
    97 | D:1      | Reached skill level 1 in Transmutations
   103 | D:1      | Slain by a goblin

Illustrated notes

Levels and vault maps discovered:
D:1:      mushboom_english_gardens, layout_loops_ring, serial_forest,
          infiniplex_forest_clump_small, infiniplex_forest_clump_large,
          infiniplex_forest_diagonal, infiniplex_forest_clump_long,
          infiniplex_forest_clump_tiny, infiniplex_forest_lined_2,
          infiniplex_forest_straight_2, solitary_fountain

Skill      XL: |  1 |
---------------+----+-----
Transmutations | 1 |  1.0
Dodging        | |  1.8
Stealth        | |  1.8
Spellcasting   | |  1.8
Poison Magic   | |  2.7

Action                   || total
-------------------------++-------
Melee: Mace              ||     9
 Cast: Sting             ||     4
Armor: Leather armour    ||     3
Dodge: Dodged            ||     5

Table legend: (Time is in decaauts)
 A = Elapsed time spent in this place.
 B = Non-inter-level travel time spent in this place.
 C = Inter-level travel time spent in this place.
 D = Time resting spent in this place.
 E = Time spent auto-exploring this place.
 F = Levels seen in this place.
 G = Mean time per level.
                   A        B        C        D        E       F      G
               +--------+--------+--------+--------+--------+-----+--------+
         Total |    105 |    105 |      0 |      0 |     52 |   1 |  105.0 |
       Dungeon |    105 |    105 |      0 |      0 |     52 |   1 |  105.0 |
               +--------+--------+--------+--------+--------+-----+--------+

Top non-repeatable levels by time:
     D:1: 105 daAuts
